 Dungeon Crawl Stone Soup version 0.31-a0-810-ga77100ea1a (webtiles) character file.

Game seed: 14927016407856343382

1 javelincjr the Ruffian (level 1, -2/15 HPs)
             Began as a Demonspawn Shapeshifter on Sept 21, 2023.
             Slain by a hobgoblin (4 damage)
             ... on level 1 of the Dungeon.
             The game lasted 00:00:11 (23 turns).

javelincjr the Ruffian (Demonspawn Shapeshifter)      Turns: 23, Time: 00:00:11

Health: -2/15      AC:  2    Str: 14    XL:     1   Next: 16%
Magic:  1/1        EV: 12    Int: 11    God:
Gold:   0          SH:  0    Dex: 12    Spells: 0/0 levels left

rFire   . .          .
                       - Unarmed
rCold   . . .        (no shield)
rNeg    . . .        a - +0 animal skin
rPois   .            (helmet currently unavailable)
rElec   .            (cloak currently unavailable)
rCorr   .            (gloves currently unavailable)
SInv    .            (boots currently unavailable)
Will    .....        (no amulet)
Stlth   +            (no ring)
HPRegen 0.22/turn    (no ring)
MPRegen 0.07/turn

%: no passive effects
@: beast-form
A: beast (slay +1)
a: Begin Untransformation


You were on level 1 of the Dungeon.
You were a hulking beast.
You visited 1 branch of the dungeon, and saw 1 of its levels.

Inventory:

Armour
 a - a +0 animal skin (worn)
Talismans
 c - a beast talisman (active)
 d - a flux talisman
Potions
 b - a potion of lignification


   Skills:
 + Level 1.0 Fighting
 + Level 1.8 Dodging
 + Level 2.7 Unarmed Combat
 + Level 2.7 Shapeshifting


You couldn't memorise any spells.
You didn't know any spells.
Your spell library was empty.

Dungeon Overview and Level Annotations

Branches:
Dungeon (1/15)

Altars:


Message History

The jackal barely misses you.
A hobgoblin comes into view.
You hit the jackal but do no damage. The jackal misses you.
The jackal barely misses you.
You barely miss the jackal. The jackal closely misses you.
The jackal bites you.
You barely miss the jackal. The jackal bites you. x2
The kobold throws a stone.
The stone hits you. The jackal bites you.
You are too injured to fight recklessly!
You are too injured to fight recklessly!
You are too injured to fight recklessly!
You barely miss the jackal.
The kobold throws a stone.
The stone closely misses you. The jackal bites you.
You closely miss the jackal.
The jackal bites you but does no damage. x2
A kobold comes into view. It is wielding a +0 short sword.
The jackal barely misses you.
The kobold throws a stone.
The stone closely misses you. The jackal barely misses you.
The kobold shouts!
You hit the jackal. You punch the jackal, but do no damage.
The jackal is almost dead.
The jackal bites you.
* * * LOW HITPOINT WARNING * * *
The jackal closely misses you. The jackal barely misses you.
The jackal closely misses you.
You hit the jackal.
You kill the jackal!
The jackal misses you. The jackal closely misses you.
You closely miss the jackal. The jackal closely misses you. x2
The hobgoblin misses you.
You hit the hobgoblin but do no damage.
The jackal bites you but does no damage.
The jackal closely misses you. The hobgoblin misses you.
The jackal barely misses you. x2
You barely miss the jackal. The jackal bites you.
* * * LOW HITPOINT WARNING * * *
The jackal bites you.
* * * LOW HITPOINT WARNING * * *
The hobgoblin hits you.
You die...

..........
....$~~...#
#...$_~...#
#..~~~...#
###.K...#.#
.......K..###
#..#ghh...#
#...h†...#
###'''######
##.......##
#.........#
#..#......#
##.......##
####'####
##8.8## ##'##


You could see 2 jackals, a hobgoblin and 2 kobolds.

Vanquished Creatures
  A jackal (D:1)
1 creature vanquished.

Notes
Turn   | Place    | Note
-------+----------+-------------------------------------------
     0 | D:1      | javelincjr the Demonspawn Shapeshifter began the quest for
                  | the Orb.
     0 | D:1      | Reached XP level 1. HP: 15/15 MP: 1/1
    12 | D:1      | Found a faded altar of an unknown god.
    23 | D:1      | Slain by a hobgoblin

Illustrated notes

Levels and vault maps discovered:
D:1:      shiori_arrival_elements, layout_rooms,
          hellmonk_ecumenical_altar_pennies_from_heaven, hangedman_decor_growths

Action                     || total
---------------------------++-------
  Melee: Unarmed           ||    10
         Punch             ||     1
 Armour: Animal skin       ||    13
  Dodge: Dodged            ||    20

Table legend: (Time is in decaauts)
 A = Elapsed time spent in this place.
 B = Non-inter-level travel time spent in this place.
 C = Inter-level travel time spent in this place.
 D = Time resting spent in this place.
 E = Time spent auto-exploring this place.
 F = Levels seen in this place.
 G = Mean time per level.
                   A        B        C        D        E       F      G
               +--------+--------+--------+--------+--------+-----+--------+
         Total |     22 |     22 |      0 |      0 |     11 |   1 |   22.0 |
       Dungeon |     22 |     22 |      0 |      0 |     11 |   1 |   22.0 |
               +--------+--------+--------+--------+--------+-----+--------+

Top non-repeatable levels by time:
     D:1: 22 daAuts
